[ AOE2 MATCH · #467035211 ]
Team RMTeutons vs Spanish
[ REPLAY ANALYSIS · EXTRACTED FROM THE RECORDED GAME ]
Feudal
—
Castle
—
Imperial
—
| APM avg | 33.0 |
| APM peak | 51 |
| eAPM avg | 11.1 |
| Villagers / military | 38 / 0 |
Focus
⚔️ 3.3% · 🌾 96.7%
Feudal
9:55
Castle
—
Imperial
—
| APM avg | 34.8 |
| APM peak | 59 |
| eAPM avg | 9.6 |
| Villagers / military | 21 / 3 |
Focus
⚔️ 10.3% · 🌾 89.7%
Fire Galley ×3 · Fishing Ship ×3
Feudal
—
Castle
—
Imperial
—
| APM avg | 14.4 |
| APM peak | 28 |
| eAPM avg | 7.5 |
| Villagers / military | 23 / 0 |
Focus
⚔️ 3.8% · 🌾 96.2%
Feudal
—
Castle
—
Imperial
—
| APM avg | 24.3 |
| APM peak | 68 |
| eAPM avg | 8.4 |
| Villagers / military | 18 / 0 |
Focus
⚔️ 12.2% · 🌾 87.8%
Fishing Ship ×6
Feudal
—
Castle
—
Imperial
—
| APM avg | 19.2 |
| APM peak | 43 |
| eAPM avg | 6.5 |
| Villagers / military | 20 / 0 |
Focus
⚔️ 1.6% · 🌾 98.4%
Fishing Ship ×5
Feudal
—
Castle
—
Imperial
—
| APM avg | 23.9 |
| APM peak | 65 |
| eAPM avg | 9.6 |
| Villagers / military | 24 / 0 |
Focus
⚔️ 10.8% · 🌾 89.2%
Fishing Ship ×6
Match map
Initial resources + every placement click. Lines = walls · curves = elevation contours. ◆ gold · ⬟ stone · ● berries · ✦ relic · ◌ wall gap
Your base
Lukas's base
Cpt Mabutix's base
Philly Idle's base
Arvin Veels's base
Busfahrer Ulus's base
Smoothed initial terrain · ◌ = detected wall gap · hover for details
Inputs per minute
— Onix <3 - - Lukas
Build order — Onix <3
56 actions detected in the replay
| 0:01 | Create | Villager (Male) |
| 0:01 | Create | Villager (Male) |
| 0:02 | Create | Villager (Male) |
| 0:02 | Create | Villager (Male) |
| 0:05 | Build | House |
| 0:06 | Build | House |
| 1:30 | Create | Villager (Male) |
| 1:30 | Create | Villager (Male) |
| 1:55 | Build | Lumber Camp |
| 2:16 | Create | Villager (Male) |
| 2:16 | Create | Villager (Male) |
| 2:28 | Create | Villager (Male) |
| 2:29 | Create | Villager (Male) |
| 2:49 | Create | Villager (Male) |
| 2:49 | Create | Villager (Male) |
| 3:06 | Create | Villager (Male) |
| 3:06 | Create | Villager (Male) |
| 3:41 | Build | House |
| 3:43 | Create | Villager (Male) |
| 3:43 | Create | Villager (Male) |
| 3:58 | Create | Villager (Male) |
| 3:58 | Create | Villager (Male) |
| 4:14 | Build | Mill |
| 4:39 | Create | Villager (Male) |
| 4:39 | Create | Villager (Male) |
| 5:16 | Create | Villager (Male) |
| 5:17 | Create | Villager (Male) |
| 5:33 | Create | Villager (Male) |
| 5:34 | Create | Villager (Male) |
| 5:46 | Build | House |
| 5:49 | Create | Villager (Male) |
| 5:49 | Create | Villager (Male) |
| 6:30 | Create | Villager (Male) |
| 6:30 | Create | Villager (Male) |
| 6:30 | Create | Villager (Male) |
| 6:31 | Create | Villager (Male) |
| 7:07 | Create | Villager (Male) |
| 7:46 | Create | Villager (Male) |
| 7:54 | Build | House |
| 7:59 | Create | Villager (Male) |
| 8:18 | Build | Mining Camp |
| 8:34 | Create | Villager (Male) |
| 9:16 | Create | Villager (Male) |
| 9:40 | Build | House |
| 9:51 | Create | Villager (Male) |
| 9:53 | Research | Loom |
| 9:57 | Build | Mining Camp |
| 10:04 | Build | House |
| 10:24 | Research | Feudal Age |
| 10:39 | Build | House |
| 10:40 | Build | House |
| 10:57 | Create | Villager (Male) |
| 10:57 | Create | Villager (Male) |
| 11:10 | Build | Palisade Wall |
| 11:14 | Build | Palisade Wall |
| 11:15 | Build | Palisade Wall |
Build order — Lukas
42 actions detected in the replay
| 0:01 | Create | Villager (Male) |
| 0:01 | Create | Villager (Male) |
| 0:01 | Create | Villager (Male) |
| 0:02 | Create | Villager (Male) |
| 0:03 | Build | House |
| 0:05 | Build | House |
| 1:25 | Create | Villager (Male) |
| 1:55 | Build | Lumber Camp |
| 2:17 | Create | Villager (Male) |
| 2:23 | Create | Villager (Male) |
| 3:02 | Create | Villager (Male) |
| 3:22 | Build | House |
| 3:28 | Create | Villager (Male) |
| 3:35 | Create | Villager (Male) |
| 4:34 | Create | Villager (Male) |
| 4:54 | Create | Villager (Male) |
| 5:23 | Create | Villager (Male) |
| 5:32 | Build | Dock |
| 5:35 | Create | Villager (Male) |
| 5:58 | Build | House |
| 6:28 | Research | Loom |
| 6:39 | Create | Fishing Ship |
| 6:47 | Create | Villager (Male) |
| 7:17 | Create | Villager (Male) |
| 7:30 | Create | Fishing Ship |
| 7:45 | Research | Feudal Age |
| 8:11 | Create | Villager (Male) |
| 8:11 | Create | Villager (Male) |
| 8:15 | Create | Fishing Ship |
| 8:51 | Build | House |
| 9:07 | Build | Dock |
| 9:23 | Build | Mining Camp |
| 9:33 | Build | Palisade Wall |
| 9:55 | Age | Feudal Age |
| 10:05 | Create | Fire Galley |
| 10:05 | Create | Fire Galley |
| 10:16 | Create | Villager (Male) |
| 10:23 | Research | Double-Bit Axe |
| 11:05 | Build | Mill |
| 11:22 | Create | Fire Galley |
| 11:29 | Create | Villager (Male) |
| 11:31 | Create | Villager (Male) |
Build order — Cpt Mabutix
38 actions detected in the replay
| 0:06 | Create | Villager (Male) |
| 0:06 | Create | Villager (Male) |
| 0:06 | Create | Villager (Male) |
| 0:06 | Create | Villager (Male) |
| 0:14 | Build | House |
| 0:14 | Build | House |
| 0:16 | Build | House |
| 0:17 | Build | House |
| 2:00 | Build | Mill |
| 2:24 | Create | Villager (Male) |
| 2:25 | Create | Villager (Male) |
| 2:55 | Create | Villager (Male) |
| 3:26 | Create | Villager (Male) |
| 3:27 | Create | Villager (Male) |
| 4:18 | Create | Villager (Male) |
| 4:18 | Create | Villager (Male) |
| 4:18 | Create | Villager (Male) |
| 5:21 | Create | Villager (Male) |
| 6:14 | Create | Villager (Male) |
| 6:22 | Build | Dock |
| 7:36 | Build | Lumber Camp |
| 7:57 | Create | Villager (Male) |
| 7:57 | Create | Villager (Male) |
| 7:57 | Create | Villager (Male) |
| 7:58 | Create | Villager (Male) |
| 7:58 | Create | Villager (Male) |
| 9:02 | Research | Feudal Age |
| 9:48 | Create | Villager (Male) |
| 9:49 | Create | Villager (Male) |
| 9:49 | Create | Villager (Male) |
| 9:57 | Create | Villager (Male) |
| 10:08 | Build | Lumber Camp |
| 10:34 | Build | Mining Camp |
| 10:45 | Build | House |
| 10:48 | Build | House |
| 10:50 | Build | House |
| 10:51 | Build | House |
| 11:39 | Research | Feudal Age |
Build order — Philly Idle
42 actions detected in the replay
| 0:02 | Create | Villager (Male) |
| 0:02 | Create | Villager (Male) |
| 0:02 | Create | Villager (Male) |
| 0:04 | Build | House |
| 0:06 | Build | House |
| 0:07 | Create | Villager (Male) |
| 1:24 | Create | Villager (Male) |
| 2:02 | Create | Villager (Male) |
| 2:20 | Create | Villager (Male) |
| 2:28 | Build | Mule Cart |
| 2:48 | Create | Villager (Male) |
| 3:09 | Create | Villager (Male) |
| 3:32 | Build | House |
| 3:35 | Create | Villager (Male) |
| 4:16 | Create | Villager (Male) |
| 4:17 | Create | Villager (Male) |
| 4:50 | Research | Loom |
| 5:18 | Build | Mule Cart |
| 5:58 | Build | Dock |
| 6:08 | Build | Palisade Wall |
| 6:10 | Build | Palisade Wall |
| 6:11 | Build | Palisade Wall |
| 6:17 | Create | Villager (Male) |
| 6:17 | Create | Villager (Male) |
| 7:10 | Create | Fishing Ship |
| 7:10 | Create | Fishing Ship |
| 7:10 | Create | Fishing Ship |
| 7:23 | Build | House |
| 7:25 | Build | House |
| 7:36 | Create | Villager (Male) |
| 7:36 | Create | Villager (Male) |
| 7:37 | Create | Villager (Male) |
| 7:52 | Build | Mule Cart |
| 7:58 | Create | Fishing Ship |
| 8:10 | Build | House |
| 8:20 | Build | Barracks |
| 10:07 | Create | Fishing Ship |
| 10:08 | Create | Fishing Ship |
| 10:23 | Build | House |
| 10:26 | Build | Palisade Wall |
| 10:33 | Create | Villager (Male) |
| 10:42 | Research | Feudal Age |
Build order — Arvin Veels
30 actions detected in the replay
| 0:05 | Create | Villager (Male) ×4 |
| 0:11 | Build | House |
| 0:12 | Build | House |
| 1:32 | Create | Villager (Male) |
| 2:03 | Research | Loom |
| 2:14 | Create | Villager (Male) |
| 2:34 | Create | Villager (Male) |
| 3:08 | Create | Villager (Male) |
| 3:22 | Create | Villager (Male) |
| 4:01 | Build | House |
| 4:11 | Build | Lumber Camp |
| 4:18 | Create | Villager (Male) |
| 4:18 | Create | Villager (Male) |
| 5:14 | Create | Villager (Male) |
| 5:22 | Build | Dock |
| 6:18 | Create | Fishing Ship |
| 6:18 | Create | Fishing Ship |
| 6:27 | Build | House |
| 6:39 | Create | Villager (Male) ×5 |
| 6:54 | Build | House |
| 7:09 | Create | Villager (Male) |
| 7:09 | Create | Villager (Male) |
| 7:30 | Build | House |
| 7:50 | Create | Villager (Male) |
| 8:16 | Build | Mill |
| 8:19 | Create | Fishing Ship |
| 9:54 | Build | Mining Camp |
| 9:58 | Create | Fishing Ship |
| 10:00 | Create | Fishing Ship |
| 10:58 | Research | Feudal Age |
Build order — Busfahrer Ulus
41 actions detected in the replay
| 0:01 | Create | Villager (Male) |
| 0:02 | Create | Villager (Male) |
| 0:02 | Create | Villager (Male) |
| 0:02 | Create | Villager (Male) |
| 0:04 | Build | House |
| 0:05 | Build | House |
| 1:25 | Create | Villager (Male) |
| 1:48 | Build | Lumber Camp |
| 2:02 | Create | Villager (Male) |
| 2:21 | Create | Villager (Male) |
| 2:46 | Create | Villager (Male) |
| 3:08 | Create | Villager (Male) |
| 3:41 | Create | Villager (Male) |
| 3:58 | Create | Villager (Male) |
| 4:07 | Build | Dock |
| 4:15 | Build | House |
| 4:58 | Create | Villager (Male) |
| 5:13 | Build | Lumber Camp |
| 5:16 | Create | Villager (Male) |
| 5:45 | Create | Villager (Male) |
| 5:56 | Create | Villager (Male) |
| 5:58 | Create | Fishing Ship |
| 6:28 | Build | House |
| 6:39 | Create | Villager (Male) |
| 6:39 | Create | Villager (Male) |
| 6:46 | Create | Villager (Male) |
| 6:49 | Create | Fishing Ship |
| 7:19 | Build | Mill |
| 7:23 | Create | Villager (Male) |
| 7:35 | Create | Fishing Ship |
| 7:37 | Create | Villager (Male) |
| 7:37 | Create | Villager (Male) |
| 8:01 | Create | Villager (Male) |
| 8:03 | Create | Fishing Ship |
| 8:11 | Build | House |
| 8:23 | Research | Loom |
| 8:24 | Create | Villager (Male) |
| 8:30 | Create | Villager (Male) |
| 8:32 | Create | Fishing Ship |
| 9:00 | Research | Loom |
| 9:11 | Create | Fishing Ship |
Match timeline
| 4:07 | Busfahrer Ulus · first_building Dock |
| 5:22 | Arvin Veels · first_building Dock |
| 5:32 | Lukas · first_building Dock |
| 5:58 | Philly Idle · first_building Dock |
| 6:08 | Philly Idle · wall_segment Palisade Wall x1 |
| 6:10 | Philly Idle · wall_segment Palisade Wall x1 |
| 6:11 | Philly Idle · wall_segment Palisade Wall x1 |
| 6:22 | Cpt Mabutix · first_building Dock |
| 8:20 | Philly Idle · first_building Barracks |
| 9:33 | Lukas · wall_segment Palisade Wall x4 |
| 9:55 | Lukas · age_up feudal |
| 10:26 | Philly Idle · wall_segment Palisade Wall x3 |
| 11:10 | Onix <3 · wall_segment Palisade Wall x1 |
| 11:14 | Onix <3 · wall_segment Palisade Wall x1 |
| 11:15 | Onix <3 · wall_segment Palisade Wall x1 |
| 11:20 | Busfahrer Ulus · resign |
[ AI ANALYSIS · 1 CREDIT ]
What really happened in this match?
Wolo.gg analyzes every decision: build order, eco, micro, common mistakes by bracket. Personalized analysis on WhatsApp or Discord in 30 seconds.
Civ guide
Teutons
Map guide
Mediterranean
Perfil
Jugador #537713